Knights vs Gangsters
Created - 14 avril 2015 at 19:00
Goals
|
| Knights |
2 |
0 |
0 |
2 |
| Gangsters |
2 |
0 |
3 |
5 |
|
Shots
|
| Knights |
14 |
8 |
9 |
31 |
| Gangsters |
15 |
8 |
20 |
43 |
|
1st period
1. Knights , A.J. Jenks 14 (Danny Irmen) at 3:33
2. Gangsters , Artem Anisimov 19 (Ryan Jones, Nick Foligno) at 4:43 (PP)
3. Knights , Chris Thorburn 54 (Brayden McNabb, Zack Hamill) at 16:43 (PP)
4. Gangsters , Bryan Young 8 (Ryan Keller, Chris Bourque) at 18:37 (PP)
Penalties :
Garnet Exelby (Lon) for Tripping (Minor) at 4:09, Chris Bourque (Bro) for Roughing (Minor) at 16:36, Alex Chiasson (Lon) for Holding (Minor) at 17:32
2nd period
No Goal
Penalties :
Colten Teubert (Bro) for Tripping (Minor) at 9:29, Brayden McNabb (Lon) for Tripping (Minor) at 18:19
3rd period
5. Gangsters , Chris Bourque 39 (Alexandre Bolduc) at 2:31
6. Gangsters , Brock Bradford 14 (Gustav Nyquist, Bryan Young) at 3:22
7. Gangsters , Alexandre Bolduc 42 (Chris Bourque, Ryan Keller) at 17:05 (PP)
Penalties :
Kyle Greentree (Lon) for Roughing (Minor) at 3:33, Artem Anisimov (Bro) for Hooking (Minor) at 10:59, Alex Chiasson (Lon) for Interference (Minor) at 15:39, Alexandre Bolduc (Bro) for Tripping (Minor) at 19:37
Goalie Stats
Dany Sabourin (Lon), 38 saves from 43 shots - (0,884), L, 21-10-1, 60:00 minutes
David LeNeveu (Bro), 29 saves from 31 shots - (0,935), W, 27-19-9, 60:00 minutes
Players Stats for Knights
Player Name G A P +/- PIM S H SB GA TA FO MP PP MP PK MP
------------------------------------------------------------------------------------
A.J. Jenks 1 0 1 1 0 1 2 0 0 1 0/0 6:56 0:00 0:00
Alex Chiasson 0 0 0 -1 4 2 1 0 0 0 0/0 15:56 1:44 0:00
Brayden McNabb 0 1 1 1 2 0 0 1 0 0 0/0 13:24 1:49 0:00
Carter Ashton 0 0 0 1 0 0 1 0 0 0 0/0 7:16 0:16 0:00
Chris Thorburn 1 0 1 0 0 6 1 0 1 0 1/2 19:28 2:27 1:11
Colton Gillies 0 0 0 -1 0 1 1 1 0 0 0/1 11:35 0:16 0:00
Danny Irmen 0 1 1 1 0 3 1 0 0 0 1/5 7:52 0:16 0:29
Eric Gelinas 0 0 0 -1 0 1 2 2 0 3 0/0 22:53 2:38 3:08
Garnet Exelby 0 0 0 -1 2 2 1 1 1 1 0/0 26:19 1:49 3:55
James Wright 0 0 0 -1 0 3 0 0 0 0 6/28 20:52 1:44 4:50
Jani Rita 0 0 0 0 0 6 1 0 2 1 2/2 19:54 2:27 1:30
Jimmy Hayes 0 0 0 -1 0 1 1 0 0 1 0/0 11:15 0:00 0:00
Joe Colborne 0 0 0 -1 0 2 0 0 0 0 3/8 11:15 0:00 0:00
Kyle Greentree 0 0 0 -1 2 1 2 1 0 0 0/1 19:32 1:44 3:24
Marco Scandella 0 0 0 -1 0 0 0 3 0 0 0/0 20:14 2:38 2:34
Tomas Kundratek 0 0 0 1 0 0 1 2 0 1 0/0 13:05 0:00 0:00
Zack Hamill 0 1 1 0 0 2 0 0 0 0 12/24 20:59 2:27 2:42
Zbynek Michalek 0 0 0 -1 0 0 3 0 1 1 0/0 24:07 0:00 4:29
Players Stats for Gangsters
Player Name G A P +/- PIM S H SB GA TA FO MP PP MP PK MP
------------------------------------------------------------------------------------
Alexandre Bolduc 1 1 2 1 2 3 2 0 1 1 25/37 22:57 3:49 0:54
Artem Anisimov 1 0 1 -1 2 3 0 1 2 0 15/19 16:33 3:14 0:00
Ben Holmstrom 0 0 0 0 0 0 0 0 0 0 0/0 0:00 0:00 0:00
Brett Ponich 0 0 0 0 0 0 0 0 0 0 0/0 3:33 0:00 0:10
Brock Bradford 1 0 1 1 0 2 0 0 0 0 2/4 11:06 0:00 1:23
Bryan Young 1 1 2 2 0 1 1 3 0 0 0/0 26:44 5:03 2:51
Chris Bourque 1 2 3 1 2 9 2 1 2 0 2/3 22:23 3:49 1:53
Colten Teubert 0 0 0 0 2 3 0 1 0 1 0/0 19:00 2:00 0:53
Curtis McKenzie 0 0 0 0 0 0 0 0 0 0 0/0 3:06 0:00 1:26
Dave Dziurzynski 0 0 0 1 0 0 1 0 0 0 0/0 9:04 0:00 0:00
Gabriel Dumont 0 0 0 0 0 0 0 0 0 0 0/0 0:56 0:00 0:17
Gustav Nyquist 0 1 1 1 0 1 1 1 1 0 0/0 9:04 0:00 0:00
Luke Gazdic 0 0 0 0 0 1 0 0 0 0 0/0 7:51 0:00 0:00
Matt Delahey 0 0 0 -1 0 0 0 1 1 0 0/0 10:12 0:00 0:00
Maxime Sauvé 0 0 0 0 0 2 0 0 1 0 1/4 7:51 0:00 0:00
Michael Sdao 0 0 0 -1 0 0 0 0 0 0 0/0 11:43 0:00 0:33
Mikko Lehtonen 0 0 0 0 0 1 1 0 1 0 0/0 7:51 0:00 0:00
Nathan Moon 0 0 0 0 0 0 0 0 0 0 0/0 0:00 0:00 0:00
Nick Foligno 0 1 1 -1 0 4 0 0 0 0 0/2 17:28 3:14 1:01
Phil McRae 0 0 0 0 0 0 0 0 0 0 0/0 0:00 0:00 0:00
Richard Panik 0 0 0 0 0 0 0 0 0 0 0/0 0:00 0:00 0:00
Ryan Jones 0 1 1 -1 0 3 2 0 0 0 0/0 16:27 3:14 0:00
Ryan Keller 0 2 2 1 0 4 2 1 0 1 1/2 22:31 3:49 2:00
Shaun Heska 0 0 0 0 0 3 1 0 0 0 0/0 19:44 2:00 1:36
Ville Koistinen 0 0 0 2 0 3 0 1 0 2 0/0 29:25 5:03 2:51
3 Stars
1 - Bryan Young (Bro)
2 - Chris Bourque (Bro)
3 - Alexandre Bolduc (Bro)
Power Play
Knights - 1 on 4 Attempt(s) - 25,00%
Gangsters - 3 on 5 Attempt(s) - 60,00%
Penalty Kill
Knights - 2 on 5 Attempt(s) - 40,00%
- Score 0 goal in Penalty Kill
Gangsters - 3 on 4 Attempt(s) - 75,00%
- Score 0 goal in Penalty Kill
Team Stat
Knights - Hits : 18 - Faceoff Wins : 25 - Blocked Shots : 11 - Penalty Minutes : 10
Gangsters - Hits : 13 - Faceoff Wins : 46 - Blocked Shots : 10 - Penalty Minutes : 8
Official
Referees : StLaurent Francois and L'Ecuyer Frederick
Linesman : Andy McElman and Mark Wheler
Game Notes
No Game Note
Finance
Level 1 -- Attendance: 1552 (77,60%) -- Ticket Income 54 320 $
Level 2 -- Attendance: 684 (68,40%) -- Ticket Income 10 260 $
Total Attendance: 2236 (74,53%)
Total Ticket Income: 64 580 $
Other Income: 3 229 $
Total Income: 67 809 $
Knights
5 vs 5 Forward
Center Left Wing Right Wing Time % Phy DF OF
1 Zack Hamill Jani Rita Chris Thorburn 37 1 2 2
2 James Wright Kyle Greentree Alex Chiasson 33 1 2 2
3 Joe Colborne Colton Gillies Jimmy Hayes 20 1 2 2
4 Danny Irmen A.J. Jenks Carter Ashton 10 1 2 2
5 vs 5 Defense
Defense Defense Time % Phy DF OF
1 Garnet Exelby Zbynek Michalek 40 1 2 2
2 Marco Scandella Eric Gelinas 30 1 2 2
3 Tomas Kundratek Brayden McNabb 20 1 2 2
4 Tomas Kundratek Eric Gelinas 10 1 2 2
PowerPlay Forward
Center Left Wing Right Wing Time % Phy DF OF
1 Zack Hamill Jani Rita Chris Thorburn 60 1 1 3
2 James Wright Kyle Greentree Alex Chiasson 40 1 1 3
PowerPlay Defense
Defense Defense Time % Phy DF OF
1 Marco Scandella Eric Gelinas 60 1 1 3
2 Brayden McNabb Garnet Exelby 40 1 1 3
Penalty Kill 4 Players Forward
Center Wing Time % Phy DF OF
1 James Wright Kyle Greentree 60 1 3 1
2 Zack Hamill Chris Thorburn 40 1 3 1
Penalty Kill 4 Players Defense
Defense Defense Time % Phy DF OF
1 Garnet Exelby Zbynek Michalek 60 1 2 2
2 Marco Scandella Eric Gelinas 40 1 3 1
Penalty Kill - 3 Players Forward
Forward Time % Phy DF OF
1 James Wright 60 0 4 1
2 Chris Thorburn 40 0 4 1
Penalty Kill - 3 Players Defense
Defense Defense Time % Phy DF OF
1 Zbynek Michalek Garnet Exelby 60 1 4 0
2 Marco Scandella Eric Gelinas 40 1 4 0
4 vs 4 Forward
Center Wing Time % Phy DF OF
1 Zack Hamill Chris Thorburn 60 1 2 2
2 James Wright Jani Rita 40 1 2 2
4 vs 4 Defense
Defense Defense Time % Phy DF OF
1 Garnet Exelby Zbynek Michalek 60 1 2 2
2 Marco Scandella Eric Gelinas 40 1 2 2
Last Minutes Offensive
Center Left Wing Right Wing Defense Defense
Zack Hamill Jani Rita Chris Thorburn Garnet Exelby Marco Scandella
Last Minutes Defensive
Center Left Wing Right Wing Defense Defense
James Wright Kyle Greentree Chris Thorburn Garnet Exelby Zbynek Michalek
Goaltenders
Starting : Dany Sabourin
Backup : Jacob Markstrom
Extra Forwards
Normal : Kyle Greentree, Zack Hamill, James Wright - PP : James Wright, Zack Hamill - PK : Zack Hamill
Extra Defensemen
Normal : Marco Scandella, Eric Gelinas, Tomas Kundratek - PP : Eric Gelinas - PK : Eric Gelinas, Tomas Kundratek
Penalty Shots
Alex Chiasson, Jani Rita, Zack Hamill, James Wright, Kyle Greentree
Gangsters
5 vs 5 Forward
Center Left Wing Right Wing Time % Phy DF OF
1 Alexandre Bolduc Chris Bourque Ryan Keller 40 1 2 2
2 Artem Anisimov Nick Foligno Ryan Jones 30 1 2 2
3 Brock Bradford Dave Dziurzynski Gustav Nyquist 20 1 2 2
4 Maxime Sauvé Luke Gazdic Mikko Lehtonen 10 1 2 2
5 vs 5 Defense
Defense Defense Time % Phy DF OF
1 Ville Koistinen Bryan Young 40 1 2 2
2 Shaun Heska Colten Teubert 30 1 2 2
3 Matt Delahey Michael Sdao 20 1 2 2
4 Brett Ponich Ville Koistinen 10 1 2 2
PowerPlay Forward
Center Left Wing Right Wing Time % Phy DF OF
1 Alexandre Bolduc Chris Bourque Ryan Keller 60 1 2 2
2 Artem Anisimov Nick Foligno Ryan Jones 40 1 2 2
PowerPlay Defense
Defense Defense Time % Phy DF OF
1 Ville Koistinen Bryan Young 60 1 2 2
2 Shaun Heska Colten Teubert 40 1 2 2
Penalty Kill 4 Players Forward
Center Wing Time % Phy DF OF
1 Chris Bourque Ryan Keller 60 1 2 2
2 Nick Foligno Alexandre Bolduc 40 1 2 2
Penalty Kill 4 Players Defense
Defense Defense Time % Phy DF OF
1 Ville Koistinen Bryan Young 60 1 2 2
2 Shaun Heska Colten Teubert 40 1 2 2
Penalty Kill - 3 Players Forward
Forward Time % Phy DF OF
1 Chris Bourque 60 1 2 2
2 Ryan Keller 40 1 2 2
Penalty Kill - 3 Players Defense
Defense Defense Time % Phy DF OF
1 Ville Koistinen Bryan Young 60 1 2 2
2 Shaun Heska Colten Teubert 40 1 2 2
4 vs 4 Forward
Center Wing Time % Phy DF OF
1 Chris Bourque Ryan Keller 60 1 2 2
2 Nick Foligno Alexandre Bolduc 40 1 2 2
4 vs 4 Defense
Defense Defense Time % Phy DF OF
1 Ville Koistinen Bryan Young 60 1 2 2
2 Shaun Heska Colten Teubert 40 1 2 2
Last Minutes Offensive
Center Left Wing Right Wing Defense Defense
Alexandre Bolduc Chris Bourque Ryan Keller Ville Koistinen Bryan Young
Last Minutes Defensive
Center Left Wing Right Wing Defense Defense
Alexandre Bolduc Chris Bourque Ryan Keller Ville Koistinen Bryan Young
Goaltenders
Starting : David LeNeveu
Backup : Dustin Tokarski
Extra Forwards
Normal : Gustav Nyquist, Mikko Lehtonen, Brock Bradford - PP : Gustav Nyquist, Mikko Lehtonen - PK : Brock Bradford
Extra Defensemen
Normal : Matt Delahey, Michael Sdao, Brett Ponich - PP : Matt Delahey - PK : Michael Sdao, Brett Ponich
Penalty Shots
Chris Bourque, Ryan Keller, Nick Foligno, Alexandre Bolduc, Ryan Jones
% Time on Ice - Knights
Lines # - Real PCT - Wanted PCT - Time Play
Normal Forward
1 - 33% - 37% - 16:05
2 - 29% - 33% - 14:14
3 - 23% - 20% - 11:15
4 - 14% - 10% - 6:56
Normal Defense
1 - 39% - 40% - 18:47
2 - 31% - 30% - 15:16
3 - 20% - 20% - 9:51
4 - 9% - 10% - 4:36
PP Forward
1 - 61% - 60% - 2:43
2 - 39% - 40% - 1:44
PP Defense
1 - 59% - 60% - 2:38
2 - 41% - 40% - 1:49
PK Forward
1 - 83% - 60% - 5:52
2 - 17% - 40% - 1:11
PK Defense
1 - 64% - 60% - 4:29
2 - 36% - 40% - 2:34
PK3 Forward
1 - 0% - 60%
2 - 0% - 40%
PK3 Defense
1 - 0% - 60%
2 - 0% - 40%
44 Forward
1 - 0% - 60%
2 - 0% - 40%
44 Defense
1 - 0% - 60%
2 - 0% - 40%
Last Minute Offensive - 0:00
Last Minute Defensive - 0:00
Total
Forward - 60:00
Defense - 60:00
|
% Time on Ice - Gangsters
Lines # - Real PCT - Wanted PCT - Time Play
Normal Forward
1 - 38% - 40% - 18:22
2 - 27% - 30% - 13:13
3 - 19% - 20% - 9:04
4 - 16% - 10% - 7:51
Normal Defense
1 - 39% - 40% - 18:50
2 - 33% - 30% - 16:08
3 - 22% - 20% - 10:51
4 - 6% - 10% - 2:41
PP Forward
1 - 54% - 60% - 3:49
2 - 46% - 40% - 3:14
PP Defense
1 - 72% - 60% - 5:03
2 - 28% - 40% - 2:00
PK Forward
1 - 89% - 60% - 3:57
2 - 11% - 40% - 0:30
PK Defense
1 - 64% - 60% - 2:51
2 - 36% - 40% - 1:36
PK3 Forward
1 - 0% - 60%
2 - 0% - 40%
PK3 Defense
1 - 0% - 60%
2 - 0% - 40%
44 Forward
1 - 0% - 60%
2 - 0% - 40%
44 Defense
1 - 0% - 60%
2 - 0% - 40%
Last Minute Offensive - 0:00
Last Minute Defensive - 0:00
Total
Forward - 60:00
Defense - 60:00
|
Play by Play
1st period
0:01 of 1st period - Zack Hamill wins face-off versus Alexandre Bolduc in neutral zone.
0:26 of 1st period - Garnet Exelby is hit by Ryan Jones and loses puck.
1:30 of 1st period - Wrist shot by Kyle Greentree.
1:30 of 1st period - Shot Misses the Net.
2:21 of 1st period - Icing by Joe Colborne.
2:22 of 1st period - Artem Anisimov wins face-off versus Joe Colborne in Knights zone.
2:23 of 1st period - Wrist shot by Nick Foligno.
2:23 of 1st period - Shot Blocked by Garnet Exelby.
2:53 of 1st period - Wrist shot by Chris Bourque.
2:53 of 1st period - Shot Blocked by Marco Scandella.
3:09 of 1st period - Wrist shot by Alex Chiasson.
3:09 of 1st period - Stopped by David LeNeveu with a rebound.
3:33 of 1st period - Snap shot by A.J. Jenks.
3:33 of 1st period - Goal by A.J. Jenks - Knights : 1 - Gangsters : 0.
3:34 of 1st period - Jani Rita wins face-off versus Alexandre Bolduc in neutral zone.
3:47 of 1st period - Snap shot by Jani Rita.
3:47 of 1st period - Stopped by David LeNeveu without a rebound.
3:48 of 1st period - Artem Anisimov wins face-off versus Kyle Greentree in Gangsters zone.
3:48 of 1st period - Artem Anisimov is hit by Alex Chiasson.
4:09 of 1st period - Minor Penalty to Garnet Exelby for Tripping.
4:10 of 1st period - Alexandre Bolduc wins face-off versus James Wright in Knights zone.
4:41 of 1st period - Snap shot by Artem Anisimov.
4:41 of 1st period - Stopped by Dany Sabourin with a rebound.
4:43 of 1st period - Slapshot by Artem Anisimov.
4:43 of 1st period - Goal by Artem Anisimov - Knights : 1 - Gangsters : 1.
4:44 of 1st period - Alexandre Bolduc wins face-off versus Zack Hamill in neutral zone.
4:49 of 1st period - Snap shot by Ryan Keller.
4:49 of 1st period - Stopped by Dany Sabourin without a rebound.
4:50 of 1st period - Alexandre Bolduc wins face-off versus Zack Hamill in Knights zone.
4:59 of 1st period - Slapshot by Chris Bourque.
4:59 of 1st period - Stopped by Dany Sabourin without a rebound.
5:00 of 1st period - Alexandre Bolduc wins face-off versus Zack Hamill in Knights zone.
5:15 of 1st period - Snap shot by Jani Rita.
5:15 of 1st period - Stopped by David LeNeveu without a rebound.
5:16 of 1st period - Artem Anisimov wins face-off versus James Wright in Gangsters zone.
5:42 of 1st period - Eric Gelinas is hit by Ryan Keller and loses puck.
6:27 of 1st period - Backhand shot by Mikko Lehtonen.
6:27 of 1st period - Shot Misses the Net.
6:35 of 1st period - Brett Ponich is hit by Danny Irmen and loses puck.
7:16 of 1st period - Snap shot by Jani Rita.
7:16 of 1st period - Shot Hit the Post.
7:26 of 1st period - Eric Gelinas is hit by Dave Dziurzynski and loses puck.
7:49 of 1st period - Eric Gelinas is hit by Mikko Lehtonen and loses puck.
8:06 of 1st period - Icing by Bryan Young.
8:07 of 1st period - James Wright wins face-off versus Artem Anisimov in Gangsters zone.
8:10 of 1st period - Slapshot by James Wright.
8:10 of 1st period - Stopped by David LeNeveu without a rebound.
8:11 of 1st period - Artem Anisimov wins face-off versus James Wright in Gangsters zone.
8:37 of 1st period - Off-side.
8:38 of 1st period - Chris Thorburn wins face-off versus Ryan Keller in neutral zone.
9:03 of 1st period - Garnet Exelby is hit by Gustav Nyquist and loses puck.
9:45 of 1st period - Icing by Colten Teubert.
9:46 of 1st period - Joe Colborne wins face-off versus Alexandre Bolduc in Gangsters zone.
9:55 of 1st period - Snap shot by Joe Colborne.
9:55 of 1st period - Stopped by David LeNeveu with a rebound.
9:57 of 1st period - Slapshot by Eric Gelinas.
9:57 of 1st period - Shot Misses the Net.
10:31 of 1st period - Wrist shot by Mikko Lehtonen.
10:31 of 1st period - Shot Misses the Net.
11:07 of 1st period - Icing by Zack Hamill.
11:08 of 1st period - Alexandre Bolduc wins face-off versus Joe Colborne in Knights zone.
11:09 of 1st period - Snap shot by Chris Bourque.
11:09 of 1st period - Shot Blocked by Tomas Kundratek.
11:11 of 1st period - Wrist shot by Ryan Keller.
11:11 of 1st period - Deflect By Chris Bourque.
11:11 of 1st period - Stopped by Dany Sabourin with a rebound.
11:13 of 1st period - Snap shot by Chris Bourque.
11:13 of 1st period - Stopped by Dany Sabourin with a rebound.
11:15 of 1st period - Snap shot by Ryan Keller.
11:15 of 1st period - Shot Misses the Net.
11:17 of 1st period - Snap shot by Chris Bourque.
11:17 of 1st period - Stopped by Dany Sabourin with a rebound.
11:19 of 1st period - Snap shot by Ryan Keller.
11:19 of 1st period - Shot Misses the Net.
11:21 of 1st period - Slapshot by Ville Koistinen.
11:21 of 1st period - Stopped by Dany Sabourin with a rebound.
11:23 of 1st period - Snap shot by Alexandre Bolduc.
11:23 of 1st period - Shot Blocked by Colton Gillies.
11:44 of 1st period - Off-side.
11:45 of 1st period - James Wright wins face-off versus Alexandre Bolduc in neutral zone.
11:48 of 1st period - Wrist shot by Kyle Greentree.
11:48 of 1st period - Stopped by David LeNeveu with a rebound.
12:15 of 1st period - Wrist shot by Chris Thorburn.
12:15 of 1st period - Shot Misses the Net.
12:21 of 1st period - Snap shot by Jani Rita.
12:21 of 1st period - Stopped by David LeNeveu with a rebound.
12:35 of 1st period - Brock Bradford is hit by Jimmy Hayes and loses puck.
12:56 of 1st period - Luke Gazdic is hit by Carter Ashton.
13:31 of 1st period - Wrist shot by Artem Anisimov.
13:31 of 1st period - Stopped by Dany Sabourin with a rebound.
13:33 of 1st period - Wrist shot by Ville Koistinen.
13:33 of 1st period - Shot Misses the Net.
13:39 of 1st period - Wrist shot by Gustav Nyquist.
13:39 of 1st period - Shot Blocked by Eric Gelinas.
13:41 of 1st period - Slapshot by Brock Bradford.
13:41 of 1st period - Shot Misses the Net.
14:38 of 1st period - Slapshot by Maxime Sauvé.
14:38 of 1st period - Deflect By Luke Gazdic.
14:38 of 1st period - Stopped by Dany Sabourin without a rebound.
14:39 of 1st period - Zack Hamill wins face-off versus Nick Foligno in Knights zone.
14:49 of 1st period - Slapshot by Nick Foligno.
14:49 of 1st period - Shot Misses the Net.
15:06 of 1st period - Bryan Young is hit by Zbynek Michalek and loses puck.
15:28 of 1st period - Ryan Keller is hit by Tomas Kundratek and loses puck.
15:49 of 1st period - Dave Dziurzynski is hit by A.J. Jenks and loses puck.
15:56 of 1st period - Colten Teubert is hit by A.J. Jenks and loses puck.
16:33 of 1st period - Slapshot by Joe Colborne.
16:33 of 1st period - Stopped by David LeNeveu without a rebound.
16:34 of 1st period - Alexandre Bolduc wins face-off versus Joe Colborne in Gangsters zone.
16:36 of 1st period - Minor Penalty to Chris Bourque for Roughing.
16:37 of 1st period - Zack Hamill wins face-off versus Brock Bradford in Gangsters zone.
16:37 of 1st period - Snap shot by Chris Thorburn.
16:37 of 1st period - Stopped by David LeNeveu with a rebound.
16:39 of 1st period - Wrist shot by Zack Hamill.
16:39 of 1st period - Shot Blocked by Ryan Keller.
16:43 of 1st period - Slapshot by Chris Thorburn.
16:43 of 1st period - Goal by Chris Thorburn - Knights : 2 - Gangsters : 1.
16:44 of 1st period - Alexandre Bolduc wins face-off versus James Wright in neutral zone.
16:55 of 1st period - Snap shot by James Wright.
16:55 of 1st period - Stopped by David LeNeveu with a rebound.
16:57 of 1st period - Slapshot by Zbynek Michalek.
16:57 of 1st period - Deflect By James Wright.
16:57 of 1st period - Shot Blocked by Bryan Young.
16:57 of 1st period - Puck is out of play.
16:58 of 1st period - Alexandre Bolduc wins face-off versus Zack Hamill in Gangsters zone.
17:10 of 1st period - Snap shot by Chris Bourque.
17:10 of 1st period - Stopped by Dany Sabourin without a rebound.
17:11 of 1st period - Alexandre Bolduc wins face-off versus James Wright in Knights zone.
17:24 of 1st period - Snap shot by Ryan Keller.
17:24 of 1st period - Stopped by Dany Sabourin with a rebound.
17:26 of 1st period - Wrist shot by Chris Bourque.
17:26 of 1st period - Stopped by Dany Sabourin with a rebound.
17:32 of 1st period - Minor Penalty to Alex Chiasson for Holding.
17:33 of 1st period - Alexandre Bolduc wins face-off versus James Wright in Knights zone.
18:20 of 1st period - Wrist shot by Zack Hamill.
18:20 of 1st period - Stopped by David LeNeveu without a rebound.
18:21 of 1st period - Alexandre Bolduc wins face-off versus James Wright in Gangsters zone.
18:35 of 1st period - Snap shot by Ryan Keller.
18:35 of 1st period - Shot Blocked by Marco Scandella.
18:37 of 1st period - Slapshot by Bryan Young.
18:37 of 1st period - Goal by Bryan Young - Knights : 2 - Gangsters : 2.
18:38 of 1st period - Zack Hamill wins face-off versus Alexandre Bolduc in neutral zone.
19:30 of 1st period - Snap shot by Joe Colborne.
19:30 of 1st period - Deflect By Jimmy Hayes.
19:30 of 1st period - Shot Misses the Net.
19:30 of 1st period - Puck is out of play.
19:31 of 1st period - Zack Hamill wins face-off versus Alexandre Bolduc in Gangsters zone.
19:42 of 1st period - Slapshot by Jani Rita.
19:42 of 1st period - Shot Misses the Net.
19:44 of 1st period - Snap shot by Eric Gelinas.
19:44 of 1st period - Stopped by David LeNeveu without a rebound.
19:45 of 1st period - Ryan Keller wins face-off versus James Wright in Gangsters zone.
19:56 of 1st period - Slapshot by Chris Bourque.
19:56 of 1st period - Deflect By Ryan Keller.
19:56 of 1st period - Stopped by Dany Sabourin with a rebound.
Goals for this period are 2 for Knights vs 2 for Gangsters.
Shots for this period are 14 for Knights vs 15 for Gangsters.
2nd period
0:01 of 2nd period - Zack Hamill wins face-off versus Alexandre Bolduc in neutral zone.
0:08 of 2nd period - Wrist shot by Alexandre Bolduc.
0:08 of 2nd period - Stopped by Dany Sabourin without a rebound.
0:09 of 2nd period - Alexandre Bolduc wins face-off versus Zack Hamill in Knights zone.
0:28 of 2nd period - Wrist shot by Chris Bourque.
0:28 of 2nd period - Stopped by Dany Sabourin without a rebound.
0:29 of 2nd period - James Wright wins face-off versus Artem Anisimov in Knights zone.
0:56 of 2nd period - Wrist shot by Jani Rita.
0:56 of 2nd period - Shot Misses the Net.
0:58 of 2nd period - Snap shot by Zack Hamill.
0:58 of 2nd period - Shot Blocked by Chris Bourque.
1:00 of 2nd period - Slapshot by Eric Gelinas.
1:00 of 2nd period - Shot Misses the Net.
1:02 of 2nd period - Wrist shot by Chris Thorburn.
1:02 of 2nd period - Shot Misses the Net.
1:19 of 2nd period - Snap shot by Danny Irmen.
1:19 of 2nd period - Stopped by David LeNeveu without a rebound.
1:20 of 2nd period - Artem Anisimov wins face-off versus Danny Irmen in Gangsters zone.
1:49 of 2nd period - Slapshot by Zack Hamill.
1:49 of 2nd period - Shot Blocked by Ville Koistinen.
1:51 of 2nd period - Wrist shot by Chris Thorburn.
1:51 of 2nd period - Stopped by David LeNeveu with a rebound.
1:53 of 2nd period - Wrist shot by Chris Thorburn.
1:53 of 2nd period - Stopped by David LeNeveu without a rebound.
1:54 of 2nd period - Alexandre Bolduc wins face-off versus James Wright in Gangsters zone.
2:51 of 2nd period - Snap shot by Nick Foligno.
2:51 of 2nd period - Stopped by Dany Sabourin without a rebound.
2:52 of 2nd period - Alexandre Bolduc wins face-off versus James Wright in Knights zone.
2:57 of 2nd period - Slapshot by Ryan Keller.
2:57 of 2nd period - Stopped by Dany Sabourin with a rebound.
3:23 of 2nd period - Wrist shot by Ryan Jones.
3:23 of 2nd period - Stopped by Dany Sabourin without a rebound.
3:24 of 2nd period - Artem Anisimov wins face-off versus Zack Hamill in Knights zone.
4:17 of 2nd period - Snap shot by Jani Rita.
4:17 of 2nd period - Shot Misses the Net.
4:37 of 2nd period - Wrist shot by Zack Hamill.
4:37 of 2nd period - Shot Misses the Net.
4:39 of 2nd period - Snap shot by Chris Thorburn.
4:39 of 2nd period - Shot Misses the Net.
4:41 of 2nd period - Wrist shot by Jani Rita.
4:41 of 2nd period - Shot Blocked by Gustav Nyquist.
4:43 of 2nd period - Slapshot by Eric Gelinas.
4:43 of 2nd period - Shot Blocked by Bryan Young.
4:47 of 2nd period - Wrist shot by Jani Rita.
4:47 of 2nd period - Shot Misses the Net.
4:49 of 2nd period - Slapshot by Jani Rita.
4:49 of 2nd period - Stopped by David LeNeveu without a rebound.
4:50 of 2nd period - Alexandre Bolduc wins face-off versus James Wright in Gangsters zone.
4:50 of 2nd period - Alexandre Bolduc is hit by Zbynek Michalek.
5:23 of 2nd period - Michael Sdao is hit by Garnet Exelby and loses puck.
6:12 of 2nd period - A.J. Jenks is hit by Ryan Jones and loses puck.
6:25 of 2nd period - Kyle Greentree is hit by Shaun Heska and loses puck.
7:00 of 2nd period - Slapshot by Zbynek Michalek.
7:00 of 2nd period - Shot Hit the Post.
7:02 of 2nd period - Wrist shot by James Wright.
7:02 of 2nd period - Stopped by David LeNeveu without a rebound.
7:03 of 2nd period - Alexandre Bolduc wins face-off versus James Wright in Gangsters zone.
7:03 of 2nd period - Alexandre Bolduc is hit by Zbynek Michalek.
7:34 of 2nd period - Snap shot by Maxime Sauvé.
7:34 of 2nd period - Stopped by Dany Sabourin without a rebound.
7:35 of 2nd period - Zack Hamill wins face-off versus Maxime Sauvé in Knights zone.
7:40 of 2nd period - Ville Koistinen is hit by Chris Thorburn and loses puck.
7:51 of 2nd period - Chris Thorburn is hit by Bryan Young.
8:19 of 2nd period - Icing by Zbynek Michalek.
8:20 of 2nd period - Joe Colborne wins face-off versus Alexandre Bolduc in Knights zone.
8:20 of 2nd period - Joe Colborne is hit by Chris Bourque.
9:29 of 2nd period - Minor Penalty to Colten Teubert for Tripping.
9:30 of 2nd period - Brock Bradford wins face-off versus Zack Hamill in Gangsters zone.
11:01 of 2nd period - Ville Koistinen is hit by Kyle Greentree and loses puck.
11:27 of 2nd period - James Wright is hit by Alexandre Bolduc and loses puck.
11:29 of 2nd period - Penalty to Colten Teubert is over, Colten Teubert is back on ice.
12:02 of 2nd period - Snap shot by Kyle Greentree.
12:02 of 2nd period - Shot Blocked by Colten Teubert.
12:13 of 2nd period - James Wright is hit by Alexandre Bolduc and loses puck.
12:34 of 2nd period - Snap shot by Kyle Greentree.
12:34 of 2nd period - Shot Hit the Post.
12:52 of 2nd period - Slapshot by Garnet Exelby.
12:52 of 2nd period - Stopped by David LeNeveu with a rebound.
13:08 of 2nd period - Snap shot by Colten Teubert.
13:08 of 2nd period - Stopped by Dany Sabourin without a rebound.
13:09 of 2nd period - Artem Anisimov wins face-off versus Zack Hamill in Knights zone.
13:12 of 2nd period - Snap shot by Nick Foligno.
13:12 of 2nd period - Stopped by Dany Sabourin with a rebound.
13:24 of 2nd period - Wrist shot by Chris Thorburn.
13:24 of 2nd period - Stopped by David LeNeveu with a rebound.
13:58 of 2nd period - Ville Koistinen is hit by Eric Gelinas and loses puck.
15:08 of 2nd period - Icing by Tomas Kundratek.
15:09 of 2nd period - Zack Hamill wins face-off versus Maxime Sauvé in Knights zone.
15:32 of 2nd period - Nick Foligno is hit by Colton Gillies and loses puck.
15:41 of 2nd period - Wrist shot by Joe Colborne.
15:41 of 2nd period - Shot Misses the Net.
15:43 of 2nd period - Slapshot by Zbynek Michalek.
15:43 of 2nd period - Deflect By Jimmy Hayes.
15:43 of 2nd period - Shot Misses the Net.
15:43 of 2nd period - Puck is out of play.
15:44 of 2nd period - Zack Hamill wins face-off versus Maxime Sauvé in Gangsters zone.
15:45 of 2nd period - Snap shot by Jani Rita.
15:45 of 2nd period - Stopped by David LeNeveu with a rebound.
15:47 of 2nd period - Slapshot by Chris Thorburn.
15:47 of 2nd period - Shot Misses the Net.
15:49 of 2nd period - Slapshot by Chris Thorburn.
15:49 of 2nd period - Shot Misses the Net.
16:16 of 2nd period - Wrist shot by Ryan Jones.
16:16 of 2nd period - Shot Misses the Net.
16:18 of 2nd period - Wrist shot by Nick Foligno.
16:18 of 2nd period - Shot Misses the Net.
16:58 of 2nd period - Snap shot by Ville Koistinen.
16:58 of 2nd period - Shot Blocked by Tomas Kundratek.
17:02 of 2nd period - Slapshot by Chris Bourque.
17:02 of 2nd period - Shot Blocked by Brayden McNabb.
18:04 of 2nd period - Off-side.
18:05 of 2nd period - Artem Anisimov wins face-off versus Zack Hamill in neutral zone.
18:19 of 2nd period - Minor Penalty to Brayden McNabb for Tripping.
18:20 of 2nd period - Alexandre Bolduc wins face-off versus James Wright in Knights zone.
Goals for this period are 0 for Knights vs 0 for Gangsters.
Shots for this period are 8 for Knights vs 8 for Gangsters.
3rd period
0:01 of 3rd period - Alexandre Bolduc wins face-off versus James Wright in neutral zone.
0:04 of 3rd period - Slapshot by Ville Koistinen.
0:04 of 3rd period - Shot Blocked by Kyle Greentree.
0:06 of 3rd period - Slapshot by Ville Koistinen.
0:06 of 3rd period - Stopped by Dany Sabourin with a rebound.
0:19 of 3rd period - Penalty to Brayden McNabb is over, Brayden McNabb is back on ice.
0:35 of 3rd period - Backhand shot by Chris Thorburn.
0:35 of 3rd period - Stopped by David LeNeveu with a rebound.
0:37 of 3rd period - Snap shot by Jani Rita.
0:37 of 3rd period - Stopped by David LeNeveu with a rebound.
0:39 of 3rd period - Slapshot by Zbynek Michalek.
0:39 of 3rd period - Deflect By Chris Thorburn.
0:39 of 3rd period - Shot Blocked by Artem Anisimov.
0:39 of 3rd period - Puck is out of play.
0:40 of 3rd period - Alexandre Bolduc wins face-off versus Joe Colborne in Gangsters zone.
0:53 of 3rd period - Snap shot by Ryan Keller.
0:53 of 3rd period - Deflect By Alexandre Bolduc.
0:53 of 3rd period - Stopped by Dany Sabourin with a rebound.
1:51 of 3rd period - Wrist shot by A.J. Jenks.
1:51 of 3rd period - Deflect By Danny Irmen.
1:51 of 3rd period - Shot Blocked by Bryan Young.
1:51 of 3rd period - Puck is out of play.
1:52 of 3rd period - Artem Anisimov wins face-off versus Danny Irmen in Gangsters zone.
1:57 of 3rd period - Slapshot by Artem Anisimov.
1:57 of 3rd period - Shot Misses the Net.
1:59 of 3rd period - Slapshot by Shaun Heska.
1:59 of 3rd period - Deflect By Garnet Exelby.
1:59 of 3rd period - Stopped by Dany Sabourin without a rebound.
2:00 of 3rd period - Artem Anisimov wins face-off versus James Wright in Knights zone.
2:01 of 3rd period - Snap shot by Ryan Jones.
2:01 of 3rd period - Stopped by Dany Sabourin with a rebound.
2:03 of 3rd period - Slapshot by Colten Teubert.
2:03 of 3rd period - Deflect By Ryan Jones.
2:03 of 3rd period - Stopped by Dany Sabourin without a rebound.
2:04 of 3rd period - James Wright wins face-off versus Nick Foligno in Knights zone.
2:15 of 3rd period - Snap shot by Artem Anisimov.
2:15 of 3rd period - Deflect By Nick Foligno.
2:15 of 3rd period - Shot Misses the Net.
2:15 of 3rd period - Puck is out of play.
2:16 of 3rd period - Artem Anisimov wins face-off versus Zack Hamill in Knights zone.
2:29 of 3rd period - Snap shot by Nick Foligno.
2:29 of 3rd period - Deflect By Artem Anisimov.
2:29 of 3rd period - Shot Misses the Net.
2:29 of 3rd period - Puck is out of play.
2:30 of 3rd period - Alexandre Bolduc wins face-off versus James Wright in Knights zone.
2:31 of 3rd period - Snap shot by Chris Bourque.
2:31 of 3rd period - Goal by Chris Bourque - Knights : 2 - Gangsters : 3.
2:32 of 3rd period - James Wright wins face-off versus Alexandre Bolduc in neutral zone.
2:35 of 3rd period - Wrist shot by Alex Chiasson.
2:35 of 3rd period - Stopped by David LeNeveu with a rebound.
2:37 of 3rd period - Slapshot by Garnet Exelby.
2:37 of 3rd period - Stopped by David LeNeveu with a rebound.
2:39 of 3rd period - Wrist shot by Alex Chiasson.
2:39 of 3rd period - Shot Misses the Net.
2:41 of 3rd period - Snap shot by Alex Chiasson.
2:41 of 3rd period - Shot Misses the Net.
2:43 of 3rd period - Slapshot by Zbynek Michalek.
2:43 of 3rd period - Shot Hit the Post.
3:20 of 3rd period - Snap shot by Gustav Nyquist.
3:20 of 3rd period - Shot Misses the Net.
3:22 of 3rd period - Snap shot by Brock Bradford.
3:22 of 3rd period - Goal by Brock Bradford - Knights : 2 - Gangsters : 4.
3:23 of 3rd period - Chris Bourque wins face-off versus James Wright in neutral zone.
3:33 of 3rd period - Minor Penalty to Kyle Greentree for Roughing.
3:34 of 3rd period - Alexandre Bolduc wins face-off versus James Wright in Knights zone.
4:14 of 3rd period - Slapshot by Bryan Young.
4:14 of 3rd period - Deflect By Nick Foligno.
4:14 of 3rd period - Shot Blocked by Eric Gelinas.
4:14 of 3rd period - Puck is out of play.
4:15 of 3rd period - Artem Anisimov wins face-off versus Danny Irmen in Knights zone.
4:16 of 3rd period - Snap shot by Nick Foligno.
4:16 of 3rd period - Stopped by Dany Sabourin without a rebound.
4:17 of 3rd period - Artem Anisimov wins face-off versus Danny Irmen in Knights zone.
4:43 of 3rd period - Off-side.
4:44 of 3rd period - James Wright wins face-off versus Alexandre Bolduc in neutral zone.
5:33 of 3rd period - Penalty to Kyle Greentree is over, Kyle Greentree is back on ice.
6:36 of 3rd period - Snap shot by Nick Foligno.
6:36 of 3rd period - Stopped by Dany Sabourin with a rebound.
7:00 of 3rd period - Off-side.
7:01 of 3rd period - Danny Irmen wins face-off versus Brock Bradford in neutral zone.
7:26 of 3rd period - Chris Thorburn is hit by Chris Bourque and loses puck.
7:55 of 3rd period - Snap shot by Maxime Sauvé.
7:55 of 3rd period - Stopped by Dany Sabourin with a rebound.
7:57 of 3rd period - Slapshot by Ville Koistinen.
7:57 of 3rd period - Stopped by Dany Sabourin with a rebound.
7:59 of 3rd period - Wrist shot by Mikko Lehtonen.
7:59 of 3rd period - Stopped by Dany Sabourin without a rebound.
8:00 of 3rd period - Alexandre Bolduc wins face-off versus Joe Colborne in Knights zone.
8:03 of 3rd period - Wrist shot by Chris Bourque.
8:03 of 3rd period - Stopped by Dany Sabourin without a rebound.
8:04 of 3rd period - Joe Colborne wins face-off versus Alexandre Bolduc in Knights zone.
8:43 of 3rd period - Icing by Bryan Young.
8:44 of 3rd period - Artem Anisimov wins face-off versus James Wright in Gangsters zone.
9:31 of 3rd period - Snap shot by Brock Bradford.
9:31 of 3rd period - Stopped by Dany Sabourin with a rebound.
9:33 of 3rd period - Snap shot by Gustav Nyquist.
9:33 of 3rd period - Stopped by Dany Sabourin without a rebound.
9:34 of 3rd period - Brock Bradford wins face-off versus James Wright in Knights zone.
10:21 of 3rd period - Alex Chiasson is hit by Ryan Keller and loses puck.
10:50 of 3rd period - Snap shot by Zack Hamill.
10:50 of 3rd period - Stopped by David LeNeveu without a rebound.
10:51 of 3rd period - Jani Rita wins face-off versus Artem Anisimov in Gangsters zone.
10:59 of 3rd period - Minor Penalty to Artem Anisimov for Hooking.
11:00 of 3rd period - Chris Bourque wins face-off versus Chris Thorburn in Gangsters zone.
11:26 of 3rd period - Ville Koistinen is hit by Kyle Greentree and loses puck.
11:59 of 3rd period - Colten Teubert is hit by Jani Rita.
12:19 of 3rd period - Snap shot by Bryan Young.
12:19 of 3rd period - Shot Misses the Net.
12:53 of 3rd period - Colten Teubert is hit by Eric Gelinas.
12:59 of 3rd period - Penalty to Artem Anisimov is over, Artem Anisimov is back on ice.
12:59 of 3rd period - Slapshot by Colton Gillies.
12:59 of 3rd period - Stopped by David LeNeveu with a rebound.
13:08 of 3rd period - Off-side.
13:09 of 3rd period - Maxime Sauvé wins face-off versus Colton Gillies in neutral zone.
13:26 of 3rd period - Snap shot by A.J. Jenks.
13:26 of 3rd period - Shot Misses the Net.
13:28 of 3rd period - Slapshot by Zbynek Michalek.
13:28 of 3rd period - Shot Hit the Post.
13:30 of 3rd period - Slapshot by Zbynek Michalek.
13:30 of 3rd period - Shot Misses the Net.
13:32 of 3rd period - Snap shot by Danny Irmen.
13:32 of 3rd period - Stopped by David LeNeveu without a rebound.
13:33 of 3rd period - Artem Anisimov wins face-off versus Zack Hamill in Gangsters zone.
14:46 of 3rd period - Snap shot by Danny Irmen.
14:46 of 3rd period - Stopped by David LeNeveu without a rebound.
14:47 of 3rd period - Zack Hamill wins face-off versus Artem Anisimov in Gangsters zone.
14:50 of 3rd period - Snap shot by Jani Rita.
14:50 of 3rd period - Shot Blocked by Matt Delahey.
15:00 of 3rd period - Snap shot by Artem Anisimov.
15:00 of 3rd period - Shot Misses the Net.
15:02 of 3rd period - Snap shot by Artem Anisimov.
15:02 of 3rd period - Shot Misses the Net.
15:18 of 3rd period - Snap shot by Joe Colborne.
15:18 of 3rd period - Shot Misses the Net.
15:20 of 3rd period - Snap shot by Jimmy Hayes.
15:20 of 3rd period - Stopped by David LeNeveu with a rebound.
15:39 of 3rd period - Minor Penalty to Alex Chiasson for Interference.
15:40 of 3rd period - Alexandre Bolduc wins face-off versus James Wright in Knights zone.
16:51 of 3rd period - Wrist shot by Alexandre Bolduc.
16:51 of 3rd period - Shot Blocked by Marco Scandella.
16:53 of 3rd period - Backhand shot by Shaun Heska.
16:53 of 3rd period - Stopped by Dany Sabourin with a rebound.
16:55 of 3rd period - Slapshot by Colten Teubert.
16:55 of 3rd period - Stopped by Dany Sabourin without a rebound.
16:56 of 3rd period - Alexandre Bolduc wins face-off versus James Wright in Knights zone.
17:05 of 3rd period - Wrist shot by Alexandre Bolduc.
17:05 of 3rd period - Goal by Alexandre Bolduc - Knights : 2 - Gangsters : 5.
17:06 of 3rd period - Zack Hamill wins face-off versus Alexandre Bolduc in neutral zone.
18:43 of 3rd period - Snap shot by Shaun Heska.
18:43 of 3rd period - Stopped by Dany Sabourin with a rebound.
18:45 of 3rd period - Backhand shot by Shaun Heska.
18:45 of 3rd period - Shot Misses the Net.
18:47 of 3rd period - Wrist shot by Colten Teubert.
18:47 of 3rd period - Deflect By Marco Scandella.
18:47 of 3rd period - Stopped by Dany Sabourin without a rebound.
18:48 of 3rd period - Alexandre Bolduc wins face-off versus Zack Hamill in Knights zone.
19:37 of 3rd period - Minor Penalty to Alexandre Bolduc for Tripping.
19:38 of 3rd period - Zack Hamill wins face-off versus Chris Bourque in Gangsters zone.
Goals for this period are 0 for Knights vs 3 for Gangsters.
Shots for this period are 9 for Knights vs 20 for Gangsters.
Output by the SimonT Hockey Simulator (STHS) for François Prévost -- Original Page W3C XHTML 1.0 Valid